 Dungeon Crawl Stone Soup version 0.25.0-26-g0c896c7088 (webtiles) character file.

Game seed: 14345116408097946967

343 mortelune the Skirmisher (level 6, -2/49 HPs)
             Began as a Demonspawn Chaos Knight on July 4, 2020.
             Was a Plaything of Xom.
             Slain by a killer bee (8 damage)
             ... on level 4 of the Dungeon.
             The game lasted 00:06:47 (4919 turns).

mortelune the Skirmisher (Demonspawn Chaos Knight)  Turns: 4919, Time: 00:06:48

Health: -2/49      AC:  7    Str: 14    XL:     6   Next: 31%
Magic:  6/6        EV: 10    Int: 14    God:    Xom [.*....]
Gold:   209        SH:  7    Dex: 16    Spells: 5/5 levels left

rFire    . . .     SeeInvis .   a - +0 falchion (chaos)
rCold    . . .     Gourm    .   f - +0 kite shield
rNeg     . . .     Faith    .   b - +2 leather armour
rPois    .         Spirit   .   (helmet restricted)
rElec    .         Reflect  .   (no cloak)
rCorr    .         Harm     .   p - +0 pair of gloves
MR       .....                  x - +0 pair of boots
Stlth    +++.......             (no amulet)
HPRegen  0.16/turn              (no ring)
MPRegen  0.10/turn              (no ring)

@: no status effects
A: horns 2, thin skeletal structure 2, nightstalker 1, MP-powered wands
a: Renounce Religion


You were on level 4 of the Dungeon.
You worshipped Xom.
You were a plaything of Xom.
You were not hungry.

You visited 1 branch of the dungeon, and saw 4 of its levels.

You collected 209 gold pieces.

Inventory:

Hand Weapons
 a - a +0 falchion of chaos (weapon)
Missiles
 i - 25 poisoned darts (quivered)
Armour
 b - a +2 leather armour (worn)
 f - a +0 kite shield (worn)
 p - a +0 pair of gloves (worn)
 x - a +0 pair of boots (worn)
Jewellery
 m - an uncursed ring of resist corrosion {unknown}
Wands
 s - a wand of clouds (6)
 w - a wand of acid (12)
Scrolls
 d - a scroll of enchant weapon {unknown}
 e - a scroll of enchant armour {unknown}
 h - a scroll of amnesia {unknown}
 j - a scroll of immolation {unknown}
 k - a scroll of blinking {unknown}
 n - a scroll of magic mapping {unknown}
 o - a scroll of remove curse {unknown}
 q - 2 scrolls of fog {unknown}
 r - a scroll of fear {unknown}
 t - a scroll of teleportation
 v - 2 scrolls of identify {unknown}
Potions
 l - a potion of flight {unknown}
 u - a potion of magic {unknown}
 A - a potion of brilliance {unknown}
Comestibles
 c - 12 rations


   Skills:
 + Level 4.5 Fighting
 + Level 4.1 Long Blades
 - Level 2.7 Armour
 * Level 3.2 Dodging


You had 5 spell levels left.
You didn't know any spells.
Your spell library was empty.

Dungeon Overview and Level Annotations

Branches:
Dungeon (4/15)
 Temple: D:4-7

Altars:
Ashenzari
Cheibriados
Xom


Innate Abilities, Weirdness & Mutations

You have a pair of horns on your head.
You have a moderately thin skeletal structure. (Dex +4, Stealth+)
You are slightly more attuned to the shadows.
You expend magic power (3 MP) to strengthen your wands.


Message History

The killer bee barely misses you.
Your shield prevents you from hitting the killer bee.
The killer bee is almost dead.
The killer bee stings you!
* * * LOW HITPOINT WARNING * * *
The killer bee barely misses you.
You riposte.
You closely miss the killer bee.
The killer bee is almost dead.
You miss the killer bee.
The killer bee is almost dead.
The killer bee closely misses you.
The killer bee stings you but does no damage. x2
You closely miss the killer bee.
The killer bee is almost dead.
You block the killer bee's attack. The killer bee stings you.
* * * LOW HITPOINT WARNING * * *
You are lethally poisoned!
The killer bee poisons you! The killer bee stings you.
* * * LOW HITPOINT WARNING * * *
You feel better. The killer bee stings you!
You die...

......##.......##....##
#....####.............# ###
#....##.............# ##.#
.........#..(.......# #..###
#...##.###.........######....###
....#..##..###.###...##........##
.......#...##...##......<........
........)...##<...).......###..##
.........gg.#...@....)#.#..###.#
...........#...y........##.# ###
...............####.#...#..#
............#...###.##.....###
...........##...##..#........#
..........###..............###
#.........#######...#.....##
#..........#####...##....##
#.................###.(...#


You could see a killer bee (agile).

Vanquished Creatures
  A scorpion (D:4)
  An orc wizard (D:3)
  Jessica (D:3)
  2 worker ants (D:4)
  6 gnolls
  6 adders
  An ooze (D:4)
  An adder skeleton (D:4)
  2 leopard geckos
  4 orcs (D:3)
  5 giant cockroaches
  7 hobgoblins
  3 jackals
  A quokka (D:2)
  A ball python (D:3)
  8 bats
  5 frilled lizards
  8 goblins
  6 kobolds
  5 rats
74 creatures vanquished.

Vanquished Creatures (others)
  A gnoll (D:2)
1 creature vanquished.

Grand Total: 75 creatures vanquished

Notes
Turn   | Place    | Note
-------+----------+-------------------------------------------
     0 | D:1      | mortelune the Demonspawn Chaos Knight began the quest for
                  | the Orb.
     0 | D:1      | Reached XP level 1. HP: 18/18 MP: 1/1
    36 | D:1      | Found a snail-covered altar of Cheibriados.
   516 | D:1      | Gained mutation: You have a pair of small horns on your
                  | head. [demonic ancestry]
   516 | D:1      | Reached XP level 2. HP: 24/24 MP: 2/2
   539 | D:1      | XOM: cloud trail
   760 | D:1      | XOM: god gift: scroll labeled CUOVUY ADDYMPU {god gift}
  1073 | D:2      | XOM: butterfly on damage
  1075 | D:2      | Gained mutation: You have a pair of horns on your head.
                  | [demonic ancestry]
  1075 | D:2      | Reached XP level 3. HP: 22/29 MP: 3/3
  1225 | D:2      | XOM: noise
  1332 | D:2      | XOM: 1-stop teleportation journey
  1517 | D:2      | XOM: 9-stop teleportation journey
  1526 | D:2      | XOM: enchant monster (bad)
  1545 | D:2      | XOM: enchant monster (bad)
  1549 | D:2      | Gained mutation: You have a somewhat thin skeletal
                  | structure. (Dex +2, Stealth) [demonic ancestry]
  1549 | D:2      | Reached XP level 4. HP: 25/37 MP: 4/4
  1563 | D:2      | XOM: silly message
  2223 | D:3      | Found a shattered altar of Ashenzari.
  2239 | D:3      | XOM: enchant monster (good)
  2245 | D:3      | Reached skill level 1 in Dodging
  2253 | D:3      | XOM: divination: detect creatures
  2464 | D:3      | XOM: god gift: buckler {god gift}
  2687 | D:3      | XOM: give mutation
  2687 | D:3      | Gained mutation: You expend magic power (3 MP) to
                  | strengthen your wands. [Xom's grace]
  3021 | D:3      | Gained mutation: You are slightly more attuned to the
                  | shadows. [demonic ancestry]
  3021 | D:3      | Reached XP level 5. HP: 41/42 MP: 5/5
  3213 | D:3      | Noticed Jessica
  3216 | D:3      | Killed Jessica
  3461 | D:3      | XOM: scenery: create altars
  3973 | D:4      | Gained mutation: You have a moderately thin skeletal
                  | structure. (Dex +4, Stealth+) [demonic ancestry]
  3973 | D:4      | Reached XP level 6. HP: 33/49 MP: 6/6
  4322 | D:4      | XOM: 2-stop teleportation journey
  4918 | D:4      | HP: 1/49 [killer bee (2)]
  4919 | D:4      | Slain by a killer bee

Illustrated notes

Levels and vault maps discovered:
D:1:      lemuel_arrival_muddy, layout_rooms, cheibriados_altar_1
D:2:      layout_basic
D:3:      layout_loops_corners, evilmike_ruin_ashenzari, uniq_jessica
D:4:      layout_cave_pools, minmay_close_crescents

Skill      XL: |  1  2  3  4  5  6 |
---------------+-------------------+-----
Armour         | 2 |  2.7
Long Blades    | 3 4 |  4.1
Dodging        | 1 2 3 |  3.2
Fighting       | 4 |  4.5

Action                   |  1- 3 |  4- 6 || total
-------------------------+-------+-------++-------
Melee: Falchion          |    80 |   161 ||   241
       Headbutt          |    10 |    26 ||    36
  Use: Scroll            |     1 |     1 ||     2
       Potion            |       |     5 ||     5
 Stab: Sleeping          |     1 |     9 ||    10
       Paralysed         |       |     6 ||     6
  Eat: Chunk             |     2 |     7 ||     9
       Ration            |       |     1 ||     1
Armor: Leather armour    |    42 |    49 ||    91
Dodge: Dodged            |    60 |    81 ||   141
Block: Kite shield       |    10 |    64 ||    74
       Rpst.: Falchion   |    22 |    23 ||    45
